 Dungeon Crawl Stone Soup version 0.30-a0-852-g08b95dd62f (webtiles) character file.

Game seed: 18252965592663310229

276149 Newt the Eternal Night (level 21, -4/146 HPs)
             Began as a Kobold Hunter on Mar 3, 2023.
             Was the Champion of Dithmenos.
             Killed from afar by a deep elf annihilator (56 damage)
             ... with an iron shot
             ... on level 3 of the Elven Halls on Mar 5, 2023.
             The game lasted 00:56:47 (41150 turns).

Newt the Eternal Night (Kobold Hunter)             Turns: 41150, Time: 00:56:47

Health: -4/146     AC: 17    Str: 12    XL:     21   Next: 22%
Magic:  35/35      EV: 41    Int: 18    God:    Dithmenos [******]
Gold:   2822       SH: 20    Dex: 40    Spells: 20/20 levels left

rFire   + . .      SeeInvis .    l - +9 short sword of the Oracle {flame, *Slow rCorr Str+2}
rCold   + + .      Faith    +    q - +3 kite shield {AC+3}
rNeg    + + +      Spirit   .    c - +3 robe of Clouds {*Thunder rCloud rElec}
rPois   +          Reflect  .    a - +0 helmet "Zepnare" {*Corrode rC+ Int+4 Stlth+}
rElec   +          Rampage  .    H - scarf {rC+ rF+}
rCorr   +                        Z - +1 pair of gloves "Vesaozusch" {Dex+3}
Will    ++...                    s - +2 pair of boots Stlth **********
                                 y - amulet of the Sky {Faith Str+4 Stlth+}
HPRegen 0.44/turn                e - ring "Qucig" {rPois Int+4 Dex+5 Slay+2}
MPRegen 0.24/turn                N - ring of Pyromania {rElec rPois rN+++ EV+5 Str-2}

@: wreathed by umbra
A: small, no large weapons, nightstalker 3, iridescent scales 1, agile 1,
strong-willed 1
}: 2/15 runes: barnacled, gossamer
a: Renounce Religion, Shadow Step, Shadow Form


You were on level 3 of the Elven Halls.
You worshipped Dithmenos.
Dithmenos was exalted by your worship.
You visited 8 branches of the dungeon, and saw 36 of its levels.
You also visited: Gauntlet and Ice Cave.

You collected 3128 gold pieces.
You spent 306 gold pieces at shops.

Inventory:

Hand Weapons
 l - the +9 short sword of the Oracle (weapon) {flame, *Slow rCorr Str+2}
   (You found it on level 3 of the Dungeon)

   Str:       It affects your strength (+2).
   rCorr:     It protects you from acid and corrosion.
   *Slow:     It may slow you when you take damage.
 E - a +4 demon blade of flaming
Missiles
 A - 8 throwing nets (quivered)
 F - 5 datura-tipped darts
 L - a curare-tipped dart
 M - 16 poisoned darts
Armour
 a - the +0 helmet "Zepnare" (worn) {*Corrode rC+ Int+4 Stlth+}
   (You found it in a Gauntlet)

   Int:       It affects your intelligence (+4).
   rC:        It protects you from cold.
   *Corrode:  It may corrode you when you take damage.
   Stlth:     It makes you more stealthy.
 c - the +3 robe of Clouds (worn) {*Thunder rCloud rElec}
   (You found it on level 3 of the Lair of Beasts)

   *Thunder:  It occasionally creates storm clouds above nearby enemies.
   rCloud:    It grants its wearer immunity to clouds.
   rElec:     It insulates you from electricity.
 q - a +3 kite shield of protection (worn)
 s - a +2 pair of boots (worn)
 H - a scarf of resistance (worn)
 Q - a +1 kite shield of cold resistance
 Z - the +1 pair of gloves "Vesaozusch" (worn) {Dex+3}
   (You acquired it in a Gauntlet)

   Dex:       It affects your dexterity (+3).
Jewellery
 b - the dreamshard necklace {*Dream Drain}
   (You found it in an ice cave)

   [amulet of nothing]

   *Dream:    It shatters if its wearer takes lethal or near-lethal damage,
   preventing the blow and releasing protective dreams that heal and fight for
   the wearer.
   Drain:     It drains your maximum health when unequipped.
 e - the ring "Qucig" (left hand) {rPois Int+4 Dex+5 Slay+2}
   (You found it in a Gauntlet)

   [ring of poison resistance]

   Int:       It affects your intelligence (+4).
   Dex:       It affects your dexterity (+5).
   Slay:      It affects your accuracy & damage with ranged weapons and melee
   (+2).
   rPois:     It protects you from poison.
 w - a ring of protection from fire
 x - an amulet of regeneration
 y - the amulet of the Sky (around neck) {Faith Str+4 Stlth+}
   (You acquired it on level 1 of the Spider Nest)

   [amulet of faith]

   It allows you to gain divine favour quickly.
   Str:       It affects your strength (+4).
   Stlth:     It makes you more stealthy.
 N - the ring of Pyromania (right hand) {rElec rPois rN+++ EV+5 Str-2}
   (You found it on level 1 of the Shoals)

   [ring of evasion]

   EV:        It affects your evasion (+5).
   Str:       It affects your strength (-2).
   rElec:     It insulates you from electricity.
   rPois:     It protects you from poison.
   rN:        It renders you almost immune to negative energy.
Wands
 g - a wand of polymorph (8)
 j - a wand of mindburst (17)
 m - a wand of charming (37)
 n - a wand of digging (7)
 K - a wand of roots (23)
 O - a wand of quicksilver (10)
 Y - a wand of flame (29)
Scrolls
 h - 2 scrolls of amnesia
 o - 8 scrolls of teleportation
 u - 3 scrolls of butterflies
 z - 2 scrolls of brand weapon
 C - 4 scrolls of poison
 I - a scroll of magic mapping
 U - a scroll of blinking
 W - 2 scrolls of fear
Potions
 d - 6 potions of flight
 f - 3 potions of lignification
 k - 2 potions of resistance
 p - 4 potions of attraction
 t - a potion of magic
 v - 4 potions of haste
 B - 2 potions of might
 D - a potion of cancellation
 G - a potion of invisibility
 J - 3 potions of berserk rage
 P - 6 potions of curing
 S - 2 potions of brilliance
 T - 13 potions of ambrosia
Miscellaneous
 i - a tin of tremorstones (1/2)
 r - a phantom mirror
 R - a lightning rod (4/4)
 V - a box of beasts


   Skills:
 - Level 20.0 Fighting
 - Level 16.0 Short Blades
 - Level 5.4 Ranged Weapons
 - Level 8.0 Armour
 - Level 14.0 Dodging
 - Level 14.4 Stealth
 - Level 10.0 Shields
 - Level 21.3 Invocations
 + Level 13.4 Evocations


You had 20 spell levels left.
You didn't know any spells.
Your spell library contained the following spells:

 Spells                   Type           Power      Damage    Failure   Level
 Beastly Appendage        Tmut           0%         N/A       56%         1
 Kiss of Death            Conj/Necr      0%         2d5       56%         1
 Magic Dart               Conj           0%         1d3       56%         1
 Sandblast                Erth           0%         2d4       56%         1
 Shock                    Conj/Air       0%         1d3       56%         1
 Slow                     Hex            0%         N/A       56%         1
 Summon Small Mammal      Summ           0%         N/A       56%         1
 Blink                    Tloc           0%         N/A       71%         2
 Lesser Beckoning         Tloc           0%         N/A       71%         2
 Momentum Strike          Conj/Tloc      0%         3d8       71%         2
 Passwall                 Tmut/Erth      0%         N/A       71%         2
 Scorch                   Fire           0%         2d5       71%         2
 Searing Ray              Conj           0%         2d4       71%         2
 Sublimation of Blood     Necr           0%         N/A       71%         2
 Wereblood                Tmut           0%         N/A       71%         2
 Call Canine Familiar     Summ           0%         N/A       91%         3
 Confusing Touch          Hex            0%         N/A       91%         3
 Dazzling Flash           Conj/Hex       0%         N/A       91%         3
 Gell's Gravitas          Tloc           0%         N/A       91%         3
 Hailstorm                Conj/Ice       0%         3d3       91%         3
 Ignite Poison            Fire/Tmut/Pois 0%         N/A       91%         3
 Kindle Blastsparks       Fire/Tloc/Air  0%         2d10      91%         3
 Stone Arrow              Conj/Erth      0%         3d7       91%         3
 Summon Guardian Golem    Hex/Summ       0%         N/A       91%         3
 Swiftness                Air            0%         N/A       91%         3
 Teleport Other           Tloc           0%         N/A       91%         3
 Tukima's Dance           Hex            0%         N/A       91%         3
 Vampiric Draining        Necr           0%         2d6       91%         3
 Airstrike                Air            0%         2d(0-16)  100%        4
 Dispel Undead            Necr           0%         3d6       100%        4
 Flame Wave               Conj/Fire      0%         2d4       100%        4
 Fulminant Prism          Conj/Hex       0%         3d5       100%        4
 Manifold Assault         Tloc           0%         N/A       100%        4
 Passage of Golubria      Tloc           0%         N/A       100%        4
 Petrify                  Tmut/Erth      0%         N/A       100%        4
 Summon Lightning Spire   Summ/Air       0%         N/A       100%        4
 Blade Hands              Tmut           0%         N/A       100%        5
 Freezing Cloud           Conj/Ice/Air   0%         6-21      100%        5
 Metabolic Englaciation   Hex/Ice        0%         N/A       100%        5
 Yara's Violent Unravell  Hex/Tmut       0%         3d3       100%        5
 Conjure Ball Lightning   Conj/Air       0%         3x3d6     100%        6
 Statue Form              Tmut/Erth      0%         N/A       100%        6
 Summon Cactus Giant      Summ           0%         N/A       100%        6
 Storm Form               Tmut/Air       0%         N/A       100%        7
 Summon Hydra             Summ           0%         N/A       100%        7
 Borgnjor's Revivificati  Necr           0%         N/A       100%        8
 Maxwell's Capacitive Co  Air            0%         ∞         100%        8
 Necromutation            Tmut/Necr      0%         N/A       100%        8
 Death's Door             Necr           0%         N/A       100%        9


Dungeon Overview and Level Annotations

Branches:
Dungeon (13/15)            Temple (1/1) D:4            Lair (5/5) D:8
 Shoals (4/4) Lair:2       Spider (4/4) Lair:3        Slime (4/5) Lair:5
    Orc (2/2) D:9             Elf (3/3) Orc:2        Vaults (0/5) D:13
  IceCv (visited)         Gauntlet (visited)

Altars:
Ashenzari
Cheibriados
Dithmenos
Elyvilon
Fedhas
Gozag
Kikubaaqudgha
Makhleb
Nemelex Xobeh
Okawaru
Qazlal
Ru
Sif Muna
Uskayaw
Vehumet
Wu Jian
Xom
Yredelemnul
Zin
The Shining One

Shops:
D:1 !:   D:10 (   Orc:2 *:*[

Portals:
Abyss: D:12
Pandemonium: Orc:2

Annotations:
D:12 1 transporter, Nuoffeot's ghost, journeyman MiBe
Spider:1 Roxanne


Innate Abilities, Weirdness & Mutations

You are small and have problems with some larger weapons.
You are completely attuned to the shadows.
You are partially covered in iridescent scales. (AC +2)
You are agile. (Dex +4, Str/Int -1)
You are strong-willed. (Will+)


Message History

Items here: )) [ †.
A deep elf annihilator comes into view. It is wielding a +0 rapier.
The deep elf demonologist shouts!
The deep elf demonologist completely misses you.
The deep elf annihilator shouts!
You puncture the deep elf demonologist! You burn the deep elf demonologist.
The deep elf demonologist is moderately wounded.
Your shadow hits the deep elf demonologist with a short sword.
You closely miss the deep elf demonologist.
The deep elf demonologist is heavily wounded.
You puncture the deep elf demonologist! You burn the deep elf demonologist.
The deep elf demonologist is severely wounded.
Your shadow hits the deep elf demonologist but does no damage.
Storm clouds gather above the deep elf demonologist.
You puncture the deep elf demonologist! You burn the deep elf demonologist.
The deep elf demonologist is almost dead.
You block the deep elf demonologist's attack.
You puncture the deep elf demonologist! You burn the deep elf demonologist.
You kill the deep elf demonologist!
Dithmenos accepts your kill.
Storm clouds gather above the deep elf annihilator.
The deep elf annihilator is struck by lightning.
You puncture the deep elf annihilator! You burn the deep elf annihilator.
The deep elf annihilator is heavily wounded.
Your shadow hits the deep elf annihilator with a short sword.
The deep elf annihilator gestures at you while chanting.
The iron shot hits you!!!
You are too injured to fight recklessly!
You are too injured to fight recklessly!
You are too injured to fight recklessly!
You are too injured to fight recklessly!
You are too injured to fight recklessly!
You impale the deep elf annihilator!! You burn the deep elf annihilator.
The deep elf annihilator is almost dead.
You closely miss the deep elf annihilator.
The deep elf annihilator is almost dead.
Your shadow hits the deep elf annihilator with a short sword.
The deep elf annihilator points at you and mumbles some strange words.
The iron shot hits you!!!
You die...

##..... #......
##..§.. #..e§# #..@#
##..## #....#.
#.)..... #))).)..
#############)######
......#.....)....#
......#.....)...)'..
....!.'.......)..#..


You could see a deep elf annihilator.

Vanquished Creatures
  Mara (Shoals:4)
  An Ice Fiend (IceCv)
  Asterion (Elf:3)
  A titan (Shoals:4)
  An acid blob (Slime:4)
  5 azure jellies
  Donald (Elf:2)
  5 emperor scorpions
  A rockslime (Slime:3)
  Aizul (Elf:2)
  3 deep elf sorcerers
  3 deep elf elementalists
  7 ghost moths
  An orc warlord (Orc:1)
  A quicksilver ooze (Slime:3)
  3 broodmothers
  2 deep elf demonologists (Elf:3)
  Azrael (Elf:2)
  2 deep elf annihilators
  A minotaur (Gauntlet)
  3 spark wasps (Spider:4)
  3 deep elf death magi (Elf:3)
  A fire dragon (Lair:5)
  8 merfolk javelineers
  A deep elf high priest (Elf:2)
  10 merfolk impalers
  The ghost of FireHeadGirl the Fighter, a journeyman BaWr of Hepliaklqana (Orc:2)
  Fannar (Lair:3)
  A great orb of eyes (Slime:2)
  4 entropy weavers
  Erolcha (D:13)
  3 hydras
  A catoblepas (D:13)
  A demonspawn (Orc:2)
  5 centaur warriors (D:13)
  5 boulder beetles
  An ogre mage (D:13)
  6 merfolk aquamancers
  A merfolk avatar (Shoals:1)
  21 dancing weapons
  2 two-headed ogres
  11 death yaks (Lair:5)
  A satyr (Shoals:4)
  4 orc high priests (Orc:2)
  Nergalle (D:12)
  Urug (D:13)
  A sun demon (Orc:2)
  18 deep elf knights
  A fire crab (Lair:5)
  A pharaoh ant (Spider:3)
  7 sea snakes
  2 sun moths
  7 orb spiders
  An obsidian statue (IceCv)
  15 deep elf archers
  A bog body (IceCv)
  9 spriggan simulacra (IceCv)
  A lindwurm (Lair:4)
  15 harpies
  6 steelbarb worms
  4 orc knights (Orc:2)
  33 deep elf pyromancers
  32 deep elf zephyrmancers
  A wolf spider (shapeshifter) (Elf:1)
  21 wolf spiders
  2 fauns
  An oklob plant (Lair:2)
  9 orc sorcerers (Orc:2)
  13 manticores
  An ugly thing (D:13)
  12 cyclopes
  A salamander (shapeshifter) (D:11)
  7 black mambas
  3 moths of wrath
  6 elephants (Lair:5)
  3 molten gargoyles (Lair:5)
  9 water nymphs
  5 merfolk sirens
  6 torpor snails
  2 eyes of devastation
  11 demonic crawlers
  Maurice (Orc:2)
  A gargoyle (D:13)
  4 rime drakes
  7 ice devils (IceCv)
  An unseen horror (shapeshifter) (Elf:1)
  4 unseen horrors
  13 cane toads
  6 freezing wraiths
  15 komodo dragons
  6 trolls
  3 anaconda simulacra (IceCv)
  A golden dragon simulacrum (IceCv)
  6 meliai
  A tyrant leech (Gauntlet)
  2 queen bees
  24 tarantellas
  23 merfolk
  2 hornets
  A wolf spider simulacrum (D:13)
  Prince Ribbit (D:5)
  7 snapping turtles
  11 blink frogs
  7 wind drakes
  13 dream sheep
  44 slime creatures
  35 jumping spiders
  4 air elementals
  2 culicivoras (shapeshifter)
  24 water elementals
  20 culicivoras
  2 vampires (D:13)
  7 wyverns
  2 dire elephant simulacra (IceCv)
  50 yaks
  2 wraiths
  5 basilisks
  3 fire elementals (Elf:2)
  A neqoxec (Orc:2)
  4 golden eyes (Slime:3)
  4 steam dragons
  56 redbacks
  5 vampire mosquitoes
  7 minotaur simulacra (IceCv)
  A warg (Orc:2)
  2 swamp worms (Gauntlet)
  4 harpy simulacra (IceCv)
  3 acid dragons
  A hydra simulacrum (IceCv)
  18 water moccasins
  7 hell hounds
  31 orc warriors
  2 black bears (D:8)
  2 alligator simulacra (IceCv)
  3 ice beasts
  11 ogres
  19 wolves
  5 centaurs
  2 phantoms
  The ghost of jasper the Digger, an amateur DEEE (D:3)
  2 kobold brigands
  18 bullfrogs
  3 scorpions
  An earth elemental (Elf:1)
  3 deep troll simulacra (IceCv)
  14 wights
  A lindwurm simulacrum (IceCv)
  25 killer bees
  An electric eel (D:10)
  3 howler monkeys
  3 lava snakes (Lair:5)
  2 jellies
  3 gnoll boudas
  3 hounds
  21 orc priests
  A sleepcap (D:5)
  2 iguanas
  9 orc wizards
  21 gnolls
  19 adders
  A white imp (D:4)
  3 ufetubi (D:6)
  2 worms
  4 dart slugs
  71 orcs
  A ball python (D:1)
  7 endoplasms
  5 giant cockroaches
  7 goblins
  11 hobgoblins
  6 jackals
  2 quokkas
  6 bats
  A frilled lizard (D:2)
  14 kobolds
  3 rats
1255 creatures vanquished.

Vanquished Creatures (collateral kills)
  A merfolk impaler (Shoals:4)
  4 dancing weapons (Elf:2)
  3 deep elf pyromancers
  A harpy (Shoals:4)
9 creatures vanquished.

Vanquished Creatures (others)
  A deep elf archer (Elf:1)
  A deep elf pyromancer (Elf:2)
  2 deep elf zephyrmancers
  A demonic plant (Gauntlet)
  31 fungi
  133 plants
169 creatures vanquished.

Grand Total: 1433 creatures vanquished

Notes
Turn   | Place    | Note
-------+----------+-------------------------------------------
     0 | D:1      | Newt the Kobold Hunter began the quest for the Orb.
     0 | D:1      | Reached XP level 1. HP: 12/12 MP: 1/1
    72 | D:1      | Found Bupt's Book Shoppe.
    97 | D:1      | Reached XP level 2. HP: 18/18 MP: 2/2
   319 | D:1      | Reached XP level 3. HP: 16/23 MP: 3/3
   531 | D:1      | Found Etigh's Distillery.
  1195 | D:2      | Reached XP level 4. HP: 23/30 MP: 4/4
  1501 | D:2      | Reached skill level 5 in Fighting
  1669 | D:3      | Identified the +9 short sword of the Oracle {flame, *Slow
                  | rCorr Str+2}
  1757 | D:3      | Found a runed translucent gate.
  1758 | D:3      | Found a runed translucent gate.
  1759 | D:3      | Found a runed translucent gate.
  1811 | D:3      | Reached skill level 1 in Short Blades
  1811 | D:3      | Reached XP level 5. HP: 22/35 MP: 5/5
  2329 | D:3      | Found a snail-covered altar of Cheibriados.
  2709 | D:3      | Noticed jasper's ghost (amateur DEEE)
  2734 | D:3      | Killed jasper's ghost
  2735 | D:3      | Reached skill level 5 in Short Blades
  2735 | D:3      | Reached XP level 6. HP: 25/40 MP: 6/6
  3279 | D:4      | Identified the +1 rapier of the Eight Defenders {flame, rC+
                  | Str+3}
  3464 | D:4      | Reached XP level 7. HP: 44/44 MP: 7/7
  3598 | D:4      | Found a staircase to the Ecumenical Temple.
  3648 | D:4      | Found a glowing golden altar of the Shining One.
  3708 | Temple   | Entered the Ecumenical Temple
  3877 | Temple   | Became a worshipper of Dithmenos the Shadowed
  3909 | D:5      | Entered Level 5 of the Dungeon
  3934 | D:5      | Noticed a steam dragon
  4063 | D:5      | Killed a steam dragon
  4131 | D:5      | Reached XP level 8. HP: 49/49 MP: 8/8
  4238 | D:5      | Reached skill level 10 in Short Blades
  4241 | D:5      | Noticed Prince Ribbit
  4258 | D:5      | Killed Prince Ribbit
  4269 | D:5      | Reached skill level 5 in Dodging
  4757 | D:5      | Found a radiant altar of Vehumet.
  4826 | D:5      | Reached XP level 9. HP: 54/54 MP: 9/9
  4929 | D:5      | Found a burning altar of Makhleb.
  5205 | D:6      | Reached skill level 5 in Stealth
  5279 | D:6      | Identified the +1 leather armour of Shadows and Fog {rF++}
  5849 | D:6      | Found an ornate altar of the Wu Jian Council.
  6044 | D:7      | Identified a scroll of acquirement
  6044 | D:7      | Acquired a manual of Fighting
  6127 | D:7      | HP: 2/54 [bullfrog (5)]
  6655 | D:7      | Reached * piety under Dithmenos
  7016 | D:8      | Found a blossoming altar of Fedhas.
  7077 | D:8      | Found an iron altar of Okawaru.
  7185 | D:8      | Reached skill level 10 in Fighting
  7185 | D:8      | Reached XP level 10. HP: 68/68 MP: 10/10
  7212 | D:8      | Reached skill level 1 in Evocations
  7235 | D:8      | Noticed a deep elf pyromancer
  7241 | D:8      | Killed a deep elf pyromancer
  7249 | D:8      | Reached skill level 1 in Armour
  7470 | D:8      | Found a staircase to the Lair.
  7495 | D:8      | Reached ** piety under Dithmenos
  7663 | D:8      | Found a sacrificial altar of Ru.
  8112 | D:9      | Reached skill level 5 in Armour
  8210 | D:9      | Reached XP level 11. HP: 74/74 MP: 11/11
  8261 | D:9      | Noticed a two-headed ogre
  8263 | D:9      | Killed a two-headed ogre
  8998 | D:9      | Found a staircase to the Orcish Mines.
  9428 | D:10     | Entered Level 10 of the Dungeon
  9483 | D:10     | Reached skill level 15 in Fighting
  9541 | D:10     | Found Focux's Weapon Boutique.
  9675 | D:10     | Reached *** piety under Dithmenos
  9982 | D:10     | Found an ancient bone altar of Kikubaaqudgha.
 10297 | D:11     | Noticed a cyclops
 10307 | D:11     | Killed a cyclops
 10319 | D:11     | Noticed a salamander
 10341 | D:11     | Killed a salamander
 10567 | D:11     | Noticed a two-headed ogre
 10569 | D:11     | Killed a two-headed ogre
 10877 | D:11     | Noticed a cyclops
 10887 | D:11     | Killed a cyclops
 10888 | D:11     | Reached XP level 12. HP: 60/88 MP: 12/12
 11366 | D:12     | Noticed a boulder beetle
 11375 | D:12     | Killed a boulder beetle
 11389 | D:12     | Reached skill level 10 in Dodging
 11466 | D:12     | Gained mutation: You are agile. (Dex +4, Str/Int -1)
                  | [potion of mutation]
 11466 | D:12     | Gained mutation: You are partially covered in iridescent
                  | scales. (AC +2) [potion of mutation]
 11466 | D:12     | Gained mutation: You are strong-willed. (Will+) [potion of
                  | mutation]
 11518 | D:12     | Found a one-way gate to the infinite horrors of the Abyss.
 11518 | D:12     | Noticed Nuoffeot's ghost (journeyman MiBe)
 11531 | D:12     | Noticed a boulder beetle
 11590 | D:12     | Found a transporter.
 11643 | D:12     | Found a transporter.
 11660 | D:12     | Noticed Nergalle
 11664 | D:12     | Killed Nergalle
 11690 | D:12     | Noticed a rakshasa
 11920 | D:12     | Reached skill level 10 in Evocations
 12130 | D:12     | Reached **** piety under Dithmenos
 12666 | D:12     | Noticed a five-headed hydra
 12667 | D:12     | Noticed a boulder beetle
 12668 | D:12     | Noticed a deep elf high priest
 12732 | D:12     | Noticed a cyan very ugly thing
 13039 | D:13     | Noticed Urug
 13043 | D:13     | Killed Urug
 13053 | D:13     | Noticed Erolcha
 13056 | D:13     | Killed Erolcha
 13057 | D:13     | Reached XP level 13. HP: 93/93 MP: 13/13
 13232 | D:13     | Noticed a centaur warrior
 13244 | D:13     | Killed a centaur warrior
 13356 | D:13     | Noticed a centaur warrior
 13363 | D:13     | Killed a centaur warrior
 13564 | D:13     | Noticed a centaur warrior
 13572 | D:13     | Killed a centaur warrior
 13737 | D:13     | Found a gate to the Vaults.
 13940 | D:13     | Noticed a centaur warrior
 13949 | D:13     | Killed a centaur warrior
 13950 | D:13     | Reached skill level 1 in Invocations
 13971 | D:13     | Noticed a catoblepas
 13988 | D:13     | Noticed an ogre mage
 14002 | D:13     | Killed a catoblepas
 14003 | D:13     | Reached skill level 2 in Invocations
 14008 | D:13     | Killed an ogre mage
 14009 | D:13     | Reached skill level 3 in Invocations
 14100 | D:13     | Noticed a centaur warrior
 14118 | D:13     | Killed a centaur warrior
 14119 | D:13     | Reached skill level 4 in Invocations
 14371 | Lair:1   | Entered Level 1 of the Lair of Beasts
 14436 | Lair:1   | Reached ***** piety under Dithmenos
 14458 | Lair:1   | Reached skill level 5 in Invocations
 14713 | Lair:1   | Reached XP level 14. HP: 100/100 MP: 16/18
 15046 | Lair:1   | Reached skill level 6 in Invocations
 15685 | Lair:2   | Identified the +5 sling of the Final Decision {flame, rN+
                  | Will+ Str+3}
 16289 | Lair:2   | Found a staircase to the Shoals.
 16729 | Lair:3   | Found a hole to the Spider Nest.
 16873 | Lair:3   | Found the +3 robe of Clouds {*Thunder rCloud rElec}
 16903 | Lair:3   | Noticed Fannar
 16927 | Lair:3   | Killed Fannar
 17663 | Lair:4   | Found a gate leading to a gauntlet.
 17686 | Gauntlet | Entered a Gauntlet
 17686 | Gauntlet | Found a transporter.
 17689 | Gauntlet | Found a transporter.
 17709 | Gauntlet | Found a transporter.
 17721 | Gauntlet | Found a transporter.
 17739 | Gauntlet | Found a transporter.
 17746 | Gauntlet | Found a transporter.
 17774 | Gauntlet | Found a transporter.
 17792 | Gauntlet | Found a transporter.
 17811 | Gauntlet | Found a transporter.
 17823 | Gauntlet | Found a transporter.
 18042 | Gauntlet | Found a transporter.
 18059 | Gauntlet | Found a transporter.
 18062 | Gauntlet | Acquired the +1 pair of gloves "Vesaozusch" {Dex+3}
 18073 | Gauntlet | Found a transporter.
 18093 | Gauntlet | Found a transporter.
 18094 | Gauntlet | Identified the +0 helmet "Zepnare" {*Corrode rC+ Int+4
                  | Stlth+}
 18151 | Gauntlet | Identified the ring "Qucig" {rPois Int+4 Dex+5 Slay+2}
 18175 | Gauntlet | Identified the +1 swamp dragon scales "Xaaqicic" {rPois
                  | Int+3}
 18175 | Gauntlet | Noticed a minotaur
 18189 | Gauntlet | Killed a minotaur
 18718 | Lair:4   | Reached ****** piety under Dithmenos
 18804 | Lair:4   | Reached XP level 15. HP: 104/104 MP: 19/19
 19124 | Lair:5   | Entered Level 5 of the Lair of Beasts
 19176 | Lair:5   | Reached skill level 1 in Shields
 19322 | Lair:5   | Found a staircase to the Slime Pits.
 19384 | Lair:5   | Reached skill level 5 in Shields
 19416 | Lair:5   | Found an ornate altar of the Wu Jian Council.
 19422 | Lair:5   | Found a hide-covered altar of Uskayaw.
 19938 | Lair:5   | Found a large runed translucent door.
 19944 | Lair:5   | Found a large runed translucent door.
 19979 | Lair:5   | Got Jickist's Dissertation on Mercurial Execration
 20652 | Orc:1    | Entered Level 1 of the Orcish Mines
 20726 | Orc:2    | Entered Level 2 of the Orcish Mines
 20726 | Orc:2    | Found a staircase to the Elven Halls.
 20739 | Orc:2    | Noticed an orc warlord
 20766 | Orc:1    | Killed an orc warlord
 20993 | Orc:2    | Found a runed translucent door.
 21102 | Orc:2    | Reached XP level 16. HP: 110/110 MP: 20/20
 21104 | Orc:2    | Found Keifoep's General Store.
 21111 | Orc:2    | Found Teotwikhli's General Store.
 21119 | Orc:2    | Bought a scroll of enchant armour for 90 gold pieces
 21329 | Orc:2    | Noticed Maurice
 21333 | Orc:2    | Killed Maurice
 21978 | Orc:2    | Found Oczeud's Book Boutique.
 21978 | Orc:2    | Found Rugir's Antique Armour Shop.
 21980 | Orc:2    | Reached skill level 10 in Shields
 22005 | Orc:2    | Reached skill level 10 in Stealth
 22286 | Orc:2    | Found a one-way gate leading to the halls of Pandemonium.
 22310 | Orc:2    | Bought a runed scarf for 216 gold pieces
 22366 | Orc:2    | Noticed FireHeadGirl's ghost (journeyman BaWr)
 22403 | Orc:2    | Killed FireHeadGirl's ghost
 23009 | Orc:1    | Upgraded the game from 0.30-a0-847-g17996783a1 to
                  | 0.30-a0-852-g08b95dd62f
 23230 | Spider:1 | Entered Level 1 of the Spider Nest
 23421 | Spider:1 | Noticed Roxanne
 23968 | Spider:1 | Acquired the amulet of the Sky {Faith Str+4 Stlth+}
 24067 | Spider:1 | Found a hide-covered altar of Uskayaw.
 24768 | Spider:2 | Reached XP level 17. HP: 116/116 MP: 21/21
 25353 | Spider:3 | Found a frozen archway.
 25366 | IceCv    | Entered an ice cave
 25446 | IceCv    | Identified the +1 pair of gloves of Qyze {rElec rCorr
                  | Slay-4 Stlth+}
 25773 | IceCv    | Noticed an Ice Fiend
 25779 | IceCv    | Killed an Ice Fiend
 25799 | IceCv    | Found the dreamshard necklace {*Dream Drain}
 27979 | Spider:4 | Entered Level 4 of the Spider Nest
 28029 | Spider:4 | Identified the +2 shortbow of Zeaclimu {heavy, rC+ rN++
                  | Int-3 Stlth-}
 28354 | Spider:4 | Reached XP level 18. HP: 129/129 MP: 22/22
 28372 | Spider:4 | Reached skill level 15 in Short Blades
 29256 | Spider:4 | Reached skill level 7 in Invocations
 29396 | Spider:4 | Reached skill level 8 in Invocations
 29464 | Spider:4 | Got a gossamer rune of Zot
 29794 | Shoals:1 | Entered Level 1 of the Shoals
 29967 | Shoals:1 | Reached skill level 9 in Invocations
 30009 | Shoals:1 | Identified the ring of Pyromania {rElec rPois rN+++ EV+5
                  | Str-2}
 30486 | Shoals:2 | Reached skill level 10 in Invocations
 30532 | Shoals:2 | Identified the +7 sling of Plunder {speed, rF++ Int-5
                  | Dex+8}
 31230 | Shoals:3 | Reached skill level 11 in Invocations
 31888 | Shoals:3 | Reached skill level 12 in Invocations
 32170 | Shoals:4 | Entered Level 4 of the Shoals
 32460 | Shoals:3 | Reached XP level 19. HP: 75/135 MP: 28/28
 32973 | Shoals:4 | Reached skill level 13 in Invocations
 33153 | Shoals:4 | Paralysed by an air elemental for 1 turns
 33338 | Shoals:4 | Noticed Mara
 33342 | Shoals:4 | Killed Mara
 33343 | Shoals:4 | Reached skill level 14 in Invocations
 33410 | Shoals:4 | Found a radiant altar of Vehumet.
 33726 | Shoals:4 | Reached skill level 15 in Invocations
 33736 | Shoals:4 | Noticed a titan
 33747 | Shoals:4 | Killed a titan
 34199 | Shoals:4 | Identified the +4 ring mail of Ubaxum {rF- rC+++ MP+9
                  | Dex+4}
 34203 | Shoals:4 | Got a barnacled rune of Zot
 34403 | Slime:1  | Entered Level 1 of the Pits of Slime
 35162 | Slime:3  | Reached skill level 16 in Invocations
 36331 | Slime:3  | HP: 1/135 [acid blob/splash of acid (15)]
 36337 | Slime:3  | HP: 2/135 [acid blob/splash of acid (7)]
 37353 | Elf:1    | Entered Level 1 of the Elven Halls
 37502 | Elf:1    | Reached skill level 17 in Invocations
 37635 | Elf:1    | Reached XP level 20. HP: 130/140 MP: 32/32
 38138 | Elf:1    | Reached skill level 18 in Invocations
 38333 | Elf:1    | Got the Thoughts on the Barrage
 38820 | Elf:2    | Paralysed by an air elemental for 1 turns
 39065 | Elf:2    | Identified the +1 kite shield "Feddown" {rC- Dex+4}
 39065 | Elf:2    | Noticed Donald
 39092 | Elf:2    | Killed Donald
 39433 | Elf:2    | Found a runed translucent gate.
 39433 | Elf:2    | Found a runed translucent gate.
 39433 | Elf:2    | Found a runed translucent gate.
 39472 | Elf:2    | Reached skill level 19 in Invocations
 40134 | Elf:2    | Noticed Aizul
 40136 | Elf:2    | Reached skill level 20 in Invocations
 40138 | Elf:2    | Killed Aizul
 40246 | Elf:2    | Noticed Azrael
 40266 | Elf:2    | Killed Azrael
 40731 | Elf:3    | Entered Level 3 of the Elven Halls
 40796 | Elf:3    | Noticed Asterion
 40800 | Elf:3    | Killed Asterion
 40897 | Elf:3    | Reached XP level 21. HP: 146/146 MP: 35/35
 41056 | Elf:3    | Reached skill level 21 in Invocations
 41150 | Elf:3    | Killed from afar by a deep elf annihilator

Illustrated notes

Levels and vault maps discovered:
D:1:      giann_horns, layout_basic, serial_shops, nicolae_shop_behind_doors,
          nicolae_shop_hallway_plus, chequers_big_river
D:2:      layout_rooms, chequers_serial_rivers_marsh
D:3:      layout_loops_ring, marbit_many_paths, biasface_ghost_orc_armoury
D:4:      layout_loops_cross, tso_oasis_becter, minmay_temple_entry_proselytizer
D:5:      layout_loops_corners, mainiacjoe_overflow_alcove_4,
          general_overflow_altar, minivault_4, uniq_prince_ribbit1
D:6:      layout_loops_ring, nicolae_wu_jian_glorious_leap
D:7:      layout_rooms
D:8:      layout_cave_pools, nicolae_ru_path_of_blood,
          nicolae_overflow_crystal_walls, tgw_fedhas,
          due_lair_maze_entry_diamond, corner_web_ring
D:9:      layout_layer_cave, david_orc_2, dreamdust_princess_bridge
D:10:     layout_rooms, overflow_temple_1_default, serial_shops,
          nicolae_shop_bloodbath_and_beyond, kennysheep_small_spiral,
          minmay_misc_feat_enclosed, minmay_crystal_water, hangedman_fish_farm
D:11:     layout_cave_pools, minmay_misc_feat_rugged
D:12:     layout_gridville, special_room [special_room_bee],
          gammafunk_ghost_abyssal_escape, onia_ninara_dug_in_and_dangerous,
          uniq_nergalle
D:13:     minmay_quarter_circles, layout_cave_pools, david_vaults_1, uniq_urug,
          uniq_erolcha
Temple:   nicolae_temple_figure_eight
Lair:1:   layout_layer_cave, lemuel_fruit_fields
Lair:2:   layout_small_grid, minmay_shoals_entry_lonely_mermaid,
          infiniplex_staircase_pool_2
Lair:3:   layout_loops_ring, spider_nest_entry_web_field, uniq_fannar
Lair:4:   minmay_lair_venomous_thicket, layout_cave_pods,
          gauntlet_entry_generic, minivault_19, minivault_23
Lair:5:   cheibrodos_lair_end_hotspot, layout_regular_city, slime_entry_1,
          nzn_masters_of_martial_movement
Shoals:1: layout_shoals, serial_shops, shop
Shoals:2: layout_shoals, nicolae_shoals_water_booths
Shoals:3: layout_shoals, nicolae_shoals_hidden_pirate_stash
Shoals:4: shoals_end_hellmonk_storm_palace [storm_palace_center_square,
          storm_palace_corner_altar, storm_palace_corner_pillars,
          storm_palace_corner_blocked, storm_palace_corner_narrow], uniq_mara
Spider:1: layout_spider_delve, nicolae_spider_altar_of_dancing,
          hangedman_spider_tarantella_strand, uniq_roxanne
Spider:2: layout_cave_pods, drop_trap
Spider:3: layout_chambers, portal_ice_cave_entry_frozen_things
Spider:4: guppyfry_spider_rune
Slime:1:  layout_caves
Slime:2:  cheibrodos_slime_lost_civilization_3, layout_caves
Slime:3:  layout_caves, cheibrodos_slime_lost_civilization_7
Slime:4:  layout_caves, cheibrodos_slime_lost_civilization_4
Orc:1:    layout_caves, lemuel_statue_altar
Orc:2:    pf_orc_diabolical, layout_diamond_mine, ebering_ghost_reflecting_pool,
          uniq_maurice
Elf:1:    minmay_elf_arrival_circle, layout_loops_corners, minmay_elf_sorcery,
          drop_trap
Elf:2:    elven_hall_of_blades_hangedman_original [mumra_blade_entry_dagger],
          layout_geoelf_octagon, uniq_donald, uniq_azrael, uniq_aizul
Elf:3:    minmay_elf_hall_curves, layout_geoelf_castle, uniq_asterion

Skill      XL: |  1  2  3  4  5  6  7  8  9 10 11 12 13 14 15 16 17 18 19 20 21 |
---------------+----------------------------------------------------------------+-----
Fighting       | 3 4 5 10 11 16 20 | 20.0
Short Blades   | 1 5 6 9 10 14 16 | 16.0
Dodging        | 6 8 12 14 | 14.0
Stealth        | 4 9 14 | 14.4
Evocations     | 6 10 12 13 | 13.4
Armour         | 5 8 |  8.0
Invocations    | 5 6 12 17 20 21 | 21.3
Shields        | 9 10 | 10.0
Ranged Weapons | |  5.4

Action                     |  1- 3 |  4- 6 |  7- 9 | 10-12 | 13-15 | 16-18 | 19-21 || total
---------------------------+-------+-------+-------+-------+-------+-------+-------++-------
  Melee: Short sword       |       |    73 |   149 |   493 |  1062 |  1394 |   803 ||  3974
         Punch             |       |     1 |     4 |     7 |     7 |       |       ||    19
   Fire: Shortbow          |    83 |    33 |       |       |       |       |       ||   116
  Throw: Throwing net      |       |       |       |       |     1 |       |       ||     1
 Invoke: Shadow Step       |       |       |       |       |       |     3 |       ||     3
  Evoke: Wand              |       |       |     1 |       |       |     2 |       ||     3
         Tin of tremorston |       |       |       |       |       |     1 |     3 ||     4
         Box of beasts     |       |       |       |       |       |       |     3 ||     3
         Lightning rod     |       |       |       |       |       |       |     2 ||     2
    Use: Scroll            |     2 |     3 |     9 |     8 |     7 |     8 |     4 ||    41
         Potion            |       |     3 |     1 |     2 |       |     7 |    11 ||    24
   Stab: Sleeping          |       |     9 |    16 |    41 |    66 |   133 |    89 ||   354
         Distracted        |       |     2 |     1 |     3 |     4 |    26 |    11 ||    47
 Armour: Leather armour    |    15 |     6 |    17 |    60 |    11 |       |       ||   109
         Skin              |       |     3 |       |       |       |       |       ||     3
         Troll leather arm |       |       |       |       |    64 |       |       ||    64
         Robe              |       |       |       |       |    54 |   118 |    73 ||   245
  Dodge: Dodged            |    61 |    42 |    90 |   339 |   943 |  1226 |   619 ||  3320
  Block: Kite shield       |       |       |       |       |   326 |  1200 |   612 ||  2138

Table legend: (Time is in decaauts)
 A = Elapsed time spent in this place.
 B = Non-inter-level travel time spent in this place.
 C = Inter-level travel time spent in this place.
 D = Time resting spent in this place.
 E = Time spent auto-exploring this place.
 F = Levels seen in this place.
 G = Mean time per level.
                   A        B        C        D        E       F      G
               +--------+--------+--------+--------+--------+-----+--------+
         Total |  40100 |  38216 |   1884 |   8853 |  22636 |  38 | 1055.3 |
       Dungeon |  13961 |  13157 |    804 |   2255 |   9034 |  13 | 1073.9 |
        Temple |    184 |    153 |     31 |      0 |    148 |   1 |  184.0 |
          Lair |   5838 |   5251 |    587 |    112 |   4189 |   5 | 1167.6 |
        Shoals |   4639 |   4522 |    117 |   1093 |   2513 |   4 | 1159.8 |
   Spider Nest |   5523 |   5390 |    133 |   1402 |   2881 |   4 | 1380.8 |
    Slime Pits |   2712 |   2698 |     14 |   2316 |     21 |   4 |  678.0 |
  Orcish Mines |   2352 |   2230 |    122 |    641 |   1137 |   2 | 1176.0 |
   Elven Halls |   3655 |   3583 |     72 |    932 |   2022 |   3 | 1218.3 |
      Ice Cave |    595 |    595 |      0 |      0 |    431 |   1 |  595.0 |
      Gauntlet |    636 |    636 |      0 |    100 |    258 |   1 |  636.0 |
               +--------+--------+--------+--------+--------+-----+--------+

Top non-repeatable levels by time:
 Slime:2: 2274 daAuts
Spider:3: 2013 daAuts
   Elf:2: 1865 daAuts
   Orc:2: 1788 daAuts
Spider:4: 1618 daAuts
    D:12: 1598 daAuts
Shoals:4: 1595 daAuts
Shoals:3: 1531 daAuts
  Lair:5: 1443 daAuts
     D:9: 1436 daAuts
   Elf:1: 1400 daAuts
     D:3: 1283 daAuts
  Lair:1: 1281 daAuts
     D:5: 1250 daAuts
     D:6: 1232 daAuts
